 Dungeon Crawl Stone Soup version 0.28-a0-1412-gf95308ed99 (webtiles) character file.

Game seed: 4881161643584421362

7 zap2161 the Grave Robber (level 1, -1/10 HPs)
             Began as a Deep Elf Necromancer on Jan 6, 2022.
             Frozen to death by an endoplasm (5 damage)
             ... on level 1 of the Dungeon.
             The game lasted 00:04:55 (100 turns).

zap2161 the Grave Robber (Deep Elf Necromancer)      Turns: 100, Time: 00:04:57

Health: -1/10      AC:  2    Str:  5    XL:     1   Next: 91%
Magic:  5/6        EV: 12    Int: 19    God:
Gold:   14         SH:  0    Dex: 15    Spells: 4/6 levels left

rFire   . . .      SeeInvis .   b - +1 dagger (venom)
rCold   . . .      Faith    .   (no shield)
rNeg    . . .      Spirit   .   a - +0 robe
rPois   .          Reflect  .   (no helmet)
rElec   .          Harm     .   (no cloak)
rCorr   .          Rampage  .   (no gloves)
Will    .....                   (no boots)
Stlth   ++........              (no amulet)
HPRegen 0.03/turn               (no ring)
MPRegen 0.10/turn               (no ring)

@: no status effects
A: no striking features
a: no special abilities


You were on level 1 of the Dungeon.
You visited 1 branch of the dungeon, and saw 1 of its levels.

You collected 14 gold pieces.

Inventory:

Hand Weapons
 b - a +1 dagger of venom (weapon)
Armour
 a - a +0 robe (worn)
Scrolls
 c - a scroll of vulnerability {unknown}


   Skills:
 * Level 2.5 Dodging
 * Level 2.4 Stealth
 * Level 3.0 Spellcasting
 * Level 5.2 Necromancy


You had 4 spell levels left.
You knew the following spells:

 Your Spells              Type           Power      Damage    Failure   Level
a - Pain                  Necr           88%        1d8       1%          1
b - Animate Skeleton      Necr           44%        N/A       1%          1

Your spell library contained the following spells:

 Spells                   Type           Power      Damage    Failure   Level
 Vampiric Draining        Necr           22%        2d7       5%          3
 Animate Dead             Necr           11%        N/A       17%         4
 Tukima's Dance           Hex            2%         N/A       41%         3
 Passage of Golubria      Tloc           2%         N/A       83%         4
 Agony                    Necr           22%        N/A       43%         5
 Yara's Violent Unravell  Hex/Tmut       1%         3d3       99%         5


Dungeon Overview and Level Annotations

Branches:
Dungeon (1/15)

Altars:


Message History

The ball python barely misses your frilled lizard skeleton.
The ball python constricts your ball python skeleton.
Your ball python skeleton bites the ball python.
The ball python dies!
An endoplasm comes into view.
Found 11 gold pieces.
An endoplasm comes into view.
Your ball python skeleton crumbles into dust!
Hit: b) +1 dagger (venom)
Press: ? - help, Dir - move target, f - endoplasm
Aim: an endoplasm (asleep, about 2% to evade your +1 dagger of venom)
The helpless endoplasm fails to defend itself.
You puncture the endoplasm!
You kill the endoplasm!
The endoplasm quivers.
Your frilled lizard skeleton crumbles into dust!
Hit: b) +1 dagger (venom)
Press: ? - help, Dir - move target, f - endoplasm
Aim: an endoplasm (asleep, about 2% to evade your +1 dagger of venom)
The helpless endoplasm fails to defend itself.
You hit the endoplasm.
You kill the endoplasm!
The endoplasm barely misses you.
Hit: b) +1 dagger (venom)
Press: ? - help, Dir - move target, f - endoplasm
Aim: an endoplasm (about 13% to evade your +1 dagger of venom)
You hit the endoplasm.
The endoplasm is moderately wounded.
The endoplasm freezes you.
You are frozen.
Casting: Animate Skeleton (safe; 1% risk of failure)
Confirm with . or Enter, or press ? or * to list all spells.
Aiming: Pain (safe; 1% risk of failure)
Press: ? - help, Shift-Dir - straight line, f/p - endoplasm
Aim: an endoplasm (moderately wounded, chance to affect: 91%)
The endoplasm writhes in agony.
The endoplasm freezes you.
You are frozen.
Ouch! That really hurt!
You die...

≈≈≈≈.......#.......
................#.......
...........)...........#
..............†......>..
........#...............
........#...............
........................
......J......#........##
.......@................
......$.####..#.......#.
........................
........####............
.....................###
.............###...... #
..........#... ......##
.......##....# ...##..
.....# ..##..


You could see an endoplasm.

Vanquished Creatures
  A ball python (D:1)
  2 endoplasms (D:1)
  A bat (D:1)
  A frilled lizard (D:1)
  A kobold (D:1)
  A rat (D:1)
7 creatures vanquished.

Vanquished Creatures (collateral kills)
  A ball python (D:1)
1 creature vanquished.

Grand Total: 8 creatures vanquished

Notes
Turn   | Place    | Note
-------+----------+-------------------------------------------
     0 | D:1      | zap2161 the Deep Elf Necromancer began the quest for the
                  | Orb.
     0 | D:1      | Reached XP level 1. HP: 10/10 MP: 6/6
     2 | D:1      | Learned a level 1 spell: Animate Skeleton
    58 | D:1      | Reached skill level 5 in Necromancy
   100 | D:1      | Frozen to death by an endoplasm

Illustrated notes

Levels and vault maps discovered:
D:1:      lightli_iron_boxes, layout_rooms, kennysheep_boxes

Skill      XL: |  1 |
---------------+----+-----
Necromancy     | 5 |  5.2
Dodging        | |  2.5
Stealth        | |  2.4
Spellcasting   | |  3.0

Action                   || total
-------------------------++-------
Melee: Dagger            ||     4
 Cast: Pain              ||     6
       Animate Skeleton  ||     3
 Stab: Sleeping          ||     2
Dodge: Dodged            ||     1

Table legend: (Time is in decaauts)
 A = Elapsed time spent in this place.
 B = Non-inter-level travel time spent in this place.
 C = Inter-level travel time spent in this place.
 D = Time resting spent in this place.
 E = Time spent auto-exploring this place.
 F = Levels seen in this place.
 G = Mean time per level.
                   A        B        C        D        E       F      G
               +--------+--------+--------+--------+--------+-----+--------+
         Total |     99 |     99 |      0 |      0 |      0 |   1 |   99.0 |
       Dungeon |     99 |     99 |      0 |      0 |      0 |   1 |   99.0 |
               +--------+--------+--------+--------+--------+-----+--------+

Top non-repeatable levels by time:
     D:1: 99 daAuts
